 Dungeon Crawl Stone Soup version 0.24.0-123-gd5b16e6ec5 (webtiles) character file.

Game seed: 6866411169966665272, levelgen mode: deterministic

9391 DeadFury222 the Slicer (level 11, 0/73 HPs)
             Began as a Kobold Berserker on Jan 11, 2020.
             Was a High Priest of Trog.
             Slain by an orc knight
             ... wielding a cursed -3 halberd
              (16 damage)
             ... on level 11 of the Dungeon.
             The game lasted 00:37:09 (12525 turns).

DeadFury222 the Slicer (Kobold Berserker)          Turns: 12525, Time: 00:37:09

Health: 0/73       AC: 16    Str: 22    XL:     11   Next: 73%
Magic:  14/16      EV: 14    Int:  9    God:    Trog [*****.]
Gold:   422        SH:  4    Dex: 14    Spells: 10/10 levels left

rFire    . . .     SeeInvis .   e - +2 short sword (speed)
rCold    . . .     Gourm    .   (shield restricted)
rNeg     . . .     Faith    .   z - +0 plate armour {rPois}
rPois    +         Spirit   .   d - +1 helmet
rElec    .         Reflect  +   u - +0 cloak
rCorr    .         Harm     .   (no gloves)
MR       .....                  t - +0 pair of boots
Stlth    ..........             C - +4 amulet of reflection
HPRegen  0.22/turn              p - +4 ring of strength
MPRegen  0.15/turn              g - +4 ring of slaying

@: berserk cooldown, slowed, very slow
A: small, carnivore
a: Berserk, Trog's Hand, Brothers in Arms, Renounce Religion


You were on level 11 of the Dungeon.
You worshipped Trog.
Trog was extremely pleased with you.
You were full.

You visited 1 branch of the dungeon, and saw 11 of its levels.

You collected 422 gold pieces.

Inventory:

Hand Weapons
 e - a +2 short sword of speed (weapon)
Missiles
 o - 2 silver boomerangs (quivered)
Armour
 d - a +1 helmet (worn)
 t - a +0 pair of boots (worn)
 u - a +0 cloak (worn)
 z - a +0 plate armour of poison resistance (worn)
Jewellery
 g - a +4 ring of slaying (right hand)
 p - a +4 ring of strength (left hand)
 C - a +4 amulet of reflection (around neck)
 F - an uncursed ring of ice
Wands
 q - a wand of flame (16)
 y - a wand of digging (8)
 B - a wand of polymorph (10)
Scrolls
 h - 5 scrolls of teleportation
 i - 4 scrolls of remove curse
 j - 3 scrolls of identify
 m - 3 scrolls of magic mapping
 w - 5 scrolls of immolation
 D - a scroll of holy word {unknown}
 E - a scroll of enchant weapon {unknown}
Potions
 a - a potion of haste {unknown}
 b - a potion of mutation {unknown}
 f - 3 potions of agility {unknown}
 k - a potion of lignification {unknown}
 l - a potion of curing {unknown}
 n - 2 potions of might {unknown}
 r - 3 potions of brilliance {unknown}
 s - 2 potions of degeneration {unknown}
 v - 2 potions of magic {unknown}
 x - a potion of flight {unknown}
Comestibles
 c - 15 rations
 A - 4 chunks of flesh


   Skills:
 + Level 10.7 Fighting
 - Level 12.0 Short Blades
 + Level 3.7 Armour
 + Level 11.3 Dodging
 * Level 7.3 Evocations


You had 10 spell levels left.
You didn't know any spells.
Your spell library contained the following spells:

 Spells                   Type           Power        Failure   Level  Hunger
 Summon Small Mammal      Summ           #...         100%        1    ##.....
 Call Imp                 Summ           #.......     100%        2    ###....
 Call Canine Familiar     Summ           #.......     100%        3    ####...
 Summon Guardian Golem    Hex/Summ       #.......     100%        3    ####...
 Summon Ice Beast         Ice/Summ       #.......     100%        4    #####..
 Summon Lightning Spire   Summ/Air       #.......     100%        4    #####..


Dungeon Overview and Level Annotations

Branches:
Dungeon (11/15)            Temple (0/1) D:7            Lair (0/6) D:8
    Orc: D:9-12

Altars:
Kikubaaqudgha
Qazlal
Yredelemnul
Beogh

Annotations:
D:11 2 transporters


Innate Abilities, Weirdness & Mutations

You are small and have problems with some larger weapons.
You are carnivorous and can eat meat at any time.


Message History

Your plate armour prevents you from hitting the orc knight.
The orc knight is heavily wounded.
The orc knight hits you with a cursed -3 halberd!
* * * LOW HITPOINT WARNING * * *
You puncture the orc knight!
The orc knight is severely wounded.
You hit the orc knight but do no damage.
The orc knight is severely wounded.
The orc knight hits you but does no damage.
Your plate armour prevents you from hitting the orc knight.
The orc knight is severely wounded.
You hit the orc knight but do no damage.
The orc knight is severely wounded.
The orc knight completely misses you.
The orc knight hits you from afar with a cursed -3 halberd.
* * * LOW HITPOINT WARNING * * *
Things that are here:
a +0 short sword; a +0 chain mail; an orc corpse The orc knight hits you from afar with a cursed -3 halberd!
You die...

#.###.##########.............#
..).........# #.#.##..###.###
#####.#####.# #.#.##..# #.#
#.# #.# #.#.##..###.# #.# #<##
#.#....[))..#
#.#####).###.####..#####
#.........##.# #...#
######.....#.####o..#... #
#..[....@.oo)o>.8.... #
##.....#######..'.... #
##...## #..8..⌠. # ###..##
...#.... # #....# #..#....
###### #.##.# ..# ._. .....#
#.##.# #o# .. ####.# #.##.#
...#.# #.##.#


You could see an orc knight and 3 orcs.

Vanquished Creatures
  Snorg (D:10)
  Fannar (D:11)
  A two-headed ogre (D:9)
  An ugly thing (D:11)
  Maurice (D:11)
  2 trolls
  3 wraiths
  A vampire (D:10)
  2 hungry ghosts
  13 orc warriors
  4 ogres
  An eye of draining (D:10)
  A necrophage (D:11)
  3 wolves
  3 centaurs
  5 bullfrogs
  An elf zombie (D:8)
  2 big kobolds
  4 scorpions
  A wyvern skeleton (D:10)
  A troll zombie (D:8)
  An electric eel (D:8)
  7 wights
  A howler monkey (D:8)
  6 crimson imps
  A quasit (D:8)
  A bullfrog zombie (D:10)
  12 hounds
  3 human zombies (D:8)
  2 jellies
  2 centaur skeletons
  12 orc priests
  2 human skeletons (D:8)
  An iguana (D:6)
  8 orc wizards
  2 worker ants
  2 hound zombies
  A hound skeleton (D:5)
  2 mummies (D:8)
  A howler monkey zombie (D:6)
  A worker ant zombie (D:9)
  3 gnolls (D:6)
  8 adders
  A shadow imp (D:7)
  An ooze (D:1)
  5 worms
  5 dart slugs
  4 leopard geckos
  53 orcs
  4 giant cockroaches
  7 goblins
  17 hobgoblins
  21 kobolds
  5 quokkas
  A ball python (D:1)
  6 bats
  5 frilled lizards
  A leopard gecko skeleton (D:4)
  2 quokka skeletons
  7 rats
276 creatures vanquished.

Notes
Turn   | Place    | Note
-------+----------+-------------------------------------------
     0 | D:1      | DeadFury222 the Kobold Berserker began the quest for the
                  | Orb.
     0 | D:1      | Reached XP level 1. HP: 14/14 MP: 1/1
    17 | D:1      | Reached XP level 2. HP: 13/19 MP: 2/2
   735 | D:1      | Reached XP level 3. HP: 23/23 MP: 3/3
  1328 | D:2      | Reached skill level 5 in Short Blades
  1362 | D:2      | Reached ** piety under Trog
  1362 | D:2      | Reached XP level 4. HP: 29/29 MP: 4/4
  1959 | D:2      | Reached XP level 5. HP: 25/33 MP: 5/5
  2535 | D:3      | Reached skill level 6 in Short Blades
  3035 | D:4      | Reached XP level 6. HP: 26/39 MP: 6/6
  3593 | D:5      | Entered Level 5 of the Dungeon
  3707 | D:5      | Noticed an ogre
  3741 | D:4      | Killed an ogre
  3741 | D:4      | Reached skill level 7 in Short Blades
  3880 | D:5      | Found an ancient bone altar of Kikubaaqudgha.
  3895 | D:5      | Reached XP level 7. HP: 33/44 MP: 7/7
  4015 | D:5      | Reached skill level 5 in Fighting
  5007 | D:6      | Reached skill level 5 in Dodging
  5009 | D:6      | Reached skill level 8 in Short Blades
  5020 | D:6      | Reached *** piety under Trog
  5491 | D:7      | Reached XP level 8. HP: 48/50 MP: 8/8
  5736 | D:7      | Reached skill level 9 in Short Blades
  5897 | D:7      | Found a staircase to the Ecumenical Temple.
  6355 | D:7      | Reached skill level 10 in Short Blades
  6760 | D:7      | Reached XP level 9. HP: 55/56 MP: 9/9
  7063 | D:7      | Reached skill level 11 in Short Blades
  7223 | D:8      | Noticed a troll
  7248 | D:7      | Killed a troll
  7372 | D:8      | Found a staircase to the Lair.
  7514 | D:8      | Reached **** piety under Trog
  7970 | D:8      | Reached skill level 12 in Short Blades
  8148 | D:8      | Got a steaming scimitar
  8153 | D:8      | Identified the +1 scimitar of Debt {drain, rElec rN+ Str+5}
                  | (You found it on level 8 of the Dungeon)
  8269 | D:8      | Found a basalt altar of Yredelemnul.
  8285 | D:8      | Reached XP level 10. HP: 61/64 MP: 10/10
  9827 | D:9      | Reached skill level 10 in Dodging
 10241 | D:9      | Found a stormy altar of Qazlal.
 10264 | D:10     | Entered Level 10 of the Dungeon
 10444 | D:10     | Reached skill level 1 in Evocations
 10540 | D:10     | Noticed Snorg
 10557 | D:10     | Killed Snorg
 10557 | D:10     | Reached skill level 10 in Fighting
 10557 | D:10     | Reached XP level 11. HP: 72/72 MP: 11/14
 10751 | D:10     | Reached ***** piety under Trog
 10919 | D:10     | Noticed a two-headed ogre
 10951 | D:9      | Killed a two-headed ogre
 10951 | D:9      | Reached skill level 5 in Evocations
 11436 | D:11     | Noticed Fannar
 11671 | D:11     | Killed Fannar
 11686 | D:11     | Found a transporter.
 11713 | D:11     | Noticed Maurice
 11718 | D:11     | Paralysed by Maurice for 3 turns
 11738 | D:11     | Killed Maurice
 11850 | D:11     | Found a transporter.
 12011 | D:11     | Noticed a red ugly thing
 12023 | D:11     | Killed a red ugly thing
 12088 | D:11     | Found a roughly hewn altar of Beogh.
 12458 | D:11     | Noticed an orc knight
 12525 | D:11     | Slain by an orc knight

Levels and vault maps discovered:
D:1:      minmay_arrival_open_corners, layout_basic
D:2:      layout_loops_ring
D:3:      layout_rooms, first_ration
D:4:      layout_basic
D:5:      layout_basic, basic_altar, minmay_crystal_water
D:6:      corexii_shantytown, layout_cave_pools
D:7:      layout_basic, minmay_temple_entry_proselytizer, minmay_holes,
          kennysheep_generic_room_7
D:8:      layout_cave_pools, erik_lair_island,
          lemuel_mausoleum_altar_yredelemnul
D:9:      layout_cave_pools, nicolae_qazlal_style_of_elements
D:10:     layout_cave_pools, uniq_snorg
D:11:     layout_loops_ring, david_orc_5, gammafunk_ghost_stat_death,
          enter_bailey_7, hangedman_fish_farm, uniq_maurice, uniq_fannar

Skill      XL: |  1  2  3  4  5  6  7  8  9 10 11 |
---------------+----------------------------------+-----
Dodging        | 3 4 5 6 8 10 11 | 11.3
Short Blades   | 5 6 7 8 10 12 | 12.0
Fighting       | 4 5 6 8 10 | 10.7
Evocations     | 4 7 |  7.3
Armour         | 2 3 |  3.7

Action                   |  1- 3 |  4- 6 |  7- 9 | 10-12 || total
-------------------------+-------+-------+-------+-------++-------
Melee: Short sword       |   101 |   199 |   566 |   715 ||  1581
Invok: Berserk           |     2 |     1 |     6 |    10 ||    19
       Trog's Hand       |       |       |     1 |     2 ||     3
Evoke: Wand              |       |       |       |     6 ||     6
  Use: Scroll            |       |     4 |     8 |     2 ||    14
 Stab: Sleeping          |     1 |       |       |       ||     1
       Paralysed         |       |       |       |     2 ||     2
  Eat: Chunk             |    12 |     6 |    22 |    23 ||    63
Armor: Animal skin       |    15 |     2 |       |       ||    17
       Scale mail        |       |    23 |    68 |    16 ||   107
       Plate armour      |       |       |       |    82 ||    82
Dodge: Dodged            |    72 |    68 |   221 |   221 ||   582
Block: Other             |       |       |       |    42 ||    42
